 Dungeon Crawl Stone Soup version 0.25.1-1-g288607f5aa (webtiles) character file.

Game seed: 11388221254681971460

276430 graki42 the Severer (level 20, -1/186 HPs)
             Began as a Naga Fighter on July 29, 2020.
             Was the Champion of Cheibriados.
             Slain by a large abomination (16 damage)
             ... created by a deep elf high priest
             ... on level 3 of the Elven Halls.
             The game lasted 03:10:37 (36221 turns).

graki42 the Severer (Naga Fighter)                 Turns: 36221, Time: 03:10:37

Health: -1/186     AC: 39    Str: 43    XL:     20   Next: 37%
Magic:  32/32      EV:  4    Int: 23    God:    Cheibriados [******]
Gold:   2782       SH:  0    Dex: 28    Spells: 19/19 levels left

rFire    + . .     SeeInvis +   e - +2 war axe (vorpal)
rCold    . . .     Gourm    .   t - +8 tower shield
rNeg     + + .     Faith    .   i - +2 crystal plate armour
rPois    +         Spirit   .   A - +2 hat
rElec    +         Reflect  +   T - +1 cloak {rCorr}
rCorr    +         Harm     .   b - +3 pair of gauntlets of War {Slay+5}
MR       ++...                  o - +0 naga barding
Stlth    ..........             w - amulet of reflection
HPRegen  0.41/turn              R - ring of the Demon Prince {+Fly rPois rC- rN++ Dex+2}
MPRegen  0.23/turn              F - ring of resist corrosion

@: confused, resistant, studying Armour, drained, very slow
A: large, stinger 2, see invisible, deformed body, poison resistance, slowness
2, slow metabolism 1, spit poison 1, wild magic 1, constrict 1, AC +6
}: 2/15 runes: decaying, gossamer
a: Spit Poison, Bend Time, Temporal Distortion, Slouch, Step From Time, Renounce
Religion, Evoke Flight


You were on level 3 of the Elven Halls.
You worshipped Cheibriados.
Cheibriados was exalted by your worship.
You were not hungry.

You visited 6 branches of the dungeon, and saw 34 of its levels.
You visited the Abyss 1 time.
You also visited: Gauntlet and Ice Cave.

You collected 3239 gold pieces.
You spent 457 gold pieces at shops.

Inventory:

Hand Weapons
 e - a +2 vorpal war axe (weapon)
 M - a +1 eveningstar of distortion
Armour
 b - the +3 pair of gauntlets of War (worn) {Slay+5}
   (You acquired it on level 9 of the Dungeon)

   It affects your accuracy and damage with ranged weapons and melee attacks
   (+5).
 i - a +2 crystal plate armour (worn)
 o - a +0 naga barding (worn)
 t - a +8 tower shield (worn)
 A - a +2 hat (worn)
 O - the +9 plate armour "Vylimer" {+Fly rF++ rN+}
   (You found it on level 4 of the Spider Nest)

   It greatly protects you from fire.
   It protects you from negative energy.
   It lets you fly.
 T - a +1 cloak of preservation (worn)
 U - a scarf of invisibility
Jewellery
 j - an uncursed ring of fire
 k - an uncursed ring of magical power
 m - an uncursed ring of ice
 p - an uncursed ring of positive energy
 w - an amulet of reflection (around neck)
 B - an uncursed amulet of regeneration
 D - an uncursed ring of ice
 F - a ring of resist corrosion (right hand)
 R - the ring of the Demon Prince (left hand) {+Fly rPois rC- rN++ Dex+2}
   (You found it on level 2 of the Lair of Beasts)

   [ring of flight]

   It affects your dexterity (+2).
   It makes you vulnerable to cold.
   It protects you from poison.
   It greatly protects you from negative energy.
   It lets you fly.
Wands
 a - a wand of digging (3)
 L - a wand of clouds (4)
Scrolls
 c - a scroll of holy word
 g - 3 scrolls of fear
 r - 3 scrolls of blinking
 u - 15 scrolls of teleportation
 v - 15 scrolls of remove curse
 y - 11 scrolls of identify
 E - a scroll of magic mapping
 H - a scroll of fog
 I - a scroll of brand weapon
 N - 7 scrolls of enchant weapon
 V - a scroll of enchant armour
Potions
 d - 4 potions of might
 l - 8 potions of flight
 q - 4 potions of cancellation
 s - 16 potions of curing
 z - 4 potions of stabbing
 G - 3 potions of resistance
 J - 5 potions of mutation
 K - 3 potions of ambrosia
Books
 n - a manual of Armour
Miscellaneous
 h - a tin of tremorstones (3/3)
 x - 4 phantom mirrors
 S - a lightning rod (4/4)
 X - a phial of floods
Comestibles
 f - 42 rations


   Skills:
 + Level 12.7(11.8) Fighting
 + Level 18.4(17.4) Axes
   Level 1.6(1.0) Staves
 * Level 13.6(12.7) Armour
 + Level 1.6(0.9) Dodging
 + Level 2.3(1.6) Stealth
 + Level 15.3(14.4) Shields
 * Level 16.8(15.8) Invocations
 + Level 2.0(1.3) Evocations


You had 19 spell levels left.
You didn't know any spells.
Your spell library contained the following spells:

 Spells                   Type           Power        Failure   Level  Hunger
 Animate Skeleton         Necr           N/A          88%         1    ##.....
 Beastly Appendage        Tmut           #.....       88%         1    ##.....
 Foxfire                  Conj/Fire      #...         88%         1    ##.....
 Infusion                 Chrm           #...         88%         1    ##.....
 Magic Dart               Conj           #...         88%         1    ##.....
 Pain                     Necr           #...         88%         1    ##.....
 Sandblast                Erth           #.....       88%         1    ##.....
 Shock                    Conj/Air       #...         88%         1    ##.....
 Sting                    Tmut/Pois      #...         88%         1    ##.....
 Summon Butterflies       Summ           #.......     88%         1    ##.....
 Summon Small Mammal      Summ           #...         88%         1    ##.....
 Passwall                 Tmut/Erth      #.......     95%         2    ###....
 Poisonous Vapours        Pois/Air       #.....       95%         2    ###....
 Searing Ray              Conj           #.....       95%         2    ###....
 Shroud of Golubria       Chrm/Tloc      #.....       95%         2    ###....
 Song of Slaying          Chrm           #.......     95%         2    ###....
 Sticks to Snakes         Tmut           #.......     95%         2    ###....
 Swiftness                Chrm/Air       #.......     95%         2    ###....
 Confusing Touch          Hex            #.......     99%         3    ####...
 Conjure Flame            Conj/Fire      #.......     99%         3    ####...
 Dazzling Flash           Conj/Hex       #.....       99%         3    ####...
 Gell's Gravitas          Tloc           #.........   99%         3    ####...
 Ignite Poison            Fire/Tmut/Pois #.......     99%         3    ####...
 Inner Flame              Hex/Fire       #.......     99%         3    ####...
 Mephitic Cloud           Conj/Pois/Air  #.......     99%         3    ####...
 Ozocubu's Armour         Chrm/Ice       #.......     99%         3    ####...
 Spectral Weapon          Hex/Chrm       #.......     99%         3    ####...
 Spider Form              Tmut/Pois      #.........   99%         3    ####...
 Static Discharge         Conj/Air       #.......     99%         3    ####...
 Stone Arrow              Conj/Erth      #.....       99%         3    ####...
 Vampiric Draining        Necr           #.........   99%         3    ####...
 Airstrike                Air            #.........   100%        4    #####..
 Animate Dead             Necr           N/A          100%        4    #####..
 Fulminant Prism          Conj/Hex       #.........   100%        4    #####..
 Ice Form                 Ice/Tmut       #.......     100%        4    #####..
 Iskenderun's Mystic Bla  Conj/Tloc      #.......     100%        4    #####..
 Olgreb's Toxic Radiance  Pois           #.......     100%        4    #####..
 Petrify                  Tmut/Erth      #.......     100%        4    #####..
 Sticky Flame             Conj/Fire      #.......     100%        4    #####..
 Summon Ice Beast         Ice/Summ       #.......     100%        4    #####..
 Agony                    Necr           #.......     100%        5    ######.
 Blade Hands              Tmut           #.........   100%        5    ######.
 Fireball                 Conj/Fire      #.........   100%        5    ######.
 Lee's Rapid Deconstruct  Erth           #.........   100%        5    ######.
 Lightning Bolt           Conj/Air       #.........   100%        5    ######.
 Metabolic Englaciation   Hex/Ice        #.........   100%        5    ######.
 Summon Forest            Summ/Tloc      #.........   100%        5    ######.
 Summon Mana Viper        Hex/Summ       #.......     100%        5    ######.
 Yara's Violent Unravell  Hex/Tmut       #.........   100%        5    ######.
 Ignition                 Fire           #.........   100%        8    #######
 Shatter                  Erth           #.........   100%        9    #######
 Tornado                  Air            #.........   100%        9    #######


Dungeon Overview and Level Annotations

Branches:
Dungeon (15/15)            Temple (0/1) D:7            Lair (6/6) D:10
  Swamp (4/4) Lair:2       Spider (4/4) Lair:2        Slime (0/5) Lair:6
    Orc (2/2) D:11            Elf (3/3) Orc:2        Vaults (0/5) D:14
 Depths (0/5) D:15          IceCv (visited)         Gauntlet (visited)

Altars:
Ashenzari
Cheibriados
Dithmenos
Elyvilon
Fedhas
Gozag
Hepliaklqana
Kikubaaqudgha
Makhleb
Nemelex Xobeh
Okawaru
Qazlal
Ru
Sif Muna
Uskayaw
Vehumet
Wu Jian
Beogh
Jiyva

Shops:
D:4 }[*   D:5 =   D:6 [   Orc:2 }?(:?

Annotations:
Swamp:4 Lernaean hydra


Innate Abilities, Weirdness & Mutations

You cannot wear boots.
Your serpentine skin is tough. (AC +6)
You have supernaturally acute eyesight. (SInv)
Armour fits poorly on your strangely shaped body.
Your system is resistant to poisons. (rPois)
You cover ground very slowly.
You have a slow metabolism.
You can spit poison.
You can use your snake-like lower body to constrict enemies.
Your tail ends in a sharp poisonous barb.
Your spells are a little harder to cast, but a little more powerful.


Message History

The deep elf elementalist is empowered by something's aura!
The deep elf annihilator is empowered by something's aura!
The blizzard demon hits you but does no damage. x2
The Hell Sentinel hits you but does no damage. x2
The deep elf death mage points at you and mumbles some strange words.
The bolt of negative energy misses the Brimstone Fiend.
The bolt of negative energy hits the blizzard demon.
The blizzard demon completely resists.
The bolt of negative energy hits you! You partially resist.
You feel drained.
* * * LOW HITPOINT WARNING * * *
The large abomination hits you but does no damage.
The earth elemental hits you but does no damage.
The deep elf annihilator casts a spell.
The deep elf annihilator blinks!
You're too confused!
The blizzard demon hits you but does no damage. x2
The Hell Sentinel hits you but does no damage. x2
The earth elemental hits you but does no damage. x3
The large abomination hits you!
You die...

#.................
#.#########.....##
#.# ###.### #.#
### #.# ###.###
#..EE.#


#.EEEE# #.E@XE# #.E21E.# ###1##.# ee2 # #4e3# #1ee# ##e## E4e .eE You could see
a Hell Sentinel (summoned), 2 Brimstone Fiends, 3 deep elf death magi, 2
blizzard demons, 2 deep elf elementalists, a soul eater (summoned), 2 deep elf
demonologists, a large abomination, 10 earth elementals, a hellwing (summoned),
an ice devil (summoned) and an air elemental.

Vanquished Creatures
  Bai Suzhen (Spider:3)
  Nikola (Spider:3)
  A deep elf blademaster (Elf:2)
  3 tentacled starspawn (Abyss:2)
  Agnes (Spider:3)
  Kirke (Spider:3)
  Frances (Spider:1)
  An orc warlord (Orc:1)
  5 emperor scorpions
  2 deep elf sorcerers (Elf:3)
  Aizul (Spider:1)
  3 ghost moths
  A deep elf elementalist (Elf:3)
  Louise (Swamp:1)
  The ghost of Cumomo the Carver, an adept SpEn of Kikubaaqudgha (Spider:3)
  A reaper (Abyss:2)
  4 entropy weavers
  3 deep elf demonologists
  2 deep elf annihilators (Elf:3)
  4 dire elephants
  A minotaur (Gauntlet)
  3 spark wasps (Spider:4)
  A quicksilver dragon zombie (Abyss:2)
  A fire dragon (D:11)
  2 deep elf death magi
  Erolcha (D:12)
  19 hydras
  A great orb of eyes (Abyss:2)
  A ghost crab (Swamp:1)
  A yaktaur captain (D:15)
  4 vault guards (D:14)
  7 centaur warriors
  2 catoblepae
  3 shambling mangroves
  2 ogre magi
  An anaconda (Lair:6)
  6 two-headed ogres
  23 dancing weapons
  8 death scarabs (Spider:4)
  14 alligators
  A tengu warrior (D:15)
  4 death yaks (Lair:6)
  2 thrashing horrors (Abyss:2)
  8 deep elf knights
  2 wretched stars (Abyss:2)
  A storm dragon zombie (Abyss:2)
  Nergalle (Orc:1)
  A fire crab (shapeshifter) (D:14)
  A sixfirhy (D:12)
  A shock serpent (D:12)
  A spatial maelstrom (Abyss:2)
  A fire crab (Gauntlet)
  A skeletal warrior (D:13)
  A spectral emperor scorpion (Spider:4)
  5 deep elf archers
  7 swamp dragons
  An orange crystal statue (Gauntlet)
  2 wolf spider zombies (Spider:4)
  An orc knight (Orc:1)
  3 spectral wolf spiders (Spider:4)
  19 orb spiders
  13 ugly things
  38 deep elf magi
  21 wolf spiders
  4 oklob plants (Lair:4)
  10 orc sorcerers
  3 manticores
  2 moths of wrath (Spider:4)
  3 cyclopes
  A worldbinder (Abyss:2)
  A black mamba (shapeshifter) (Elf:1)
  3 black mambas (Lair:6)
  13 elephants
  4 centaur zombies
  A fire giant skeleton (Abyss:2)
  A molten gargoyle (Gauntlet)
  2 smoke demons (Abyss:2)
  An apocalypse crab (Abyss:2)
  24 spiny frogs
  2 ice statues (IceCv)
  2 torpor snails
  4 gargoyles
  4 rime drakes
  4 centaur skeletons
  4 redback zombies (Spider:4)
  5 spectral redbacks (Spider:4)
  11 komodo dragons
  2 kobold demonologists
  7 ice devils (IceCv)
  A yaktaur (D:13)
  A hellwing (Abyss:2)
  A freezing wraith (D:15)
  A tormentor (Abyss:2)
  7 demonic crawlers
  4 trolls
  2 ancient zymes (Abyss:2)
  A silent spectre (Abyss:2)
  31 jumping spiders
  2 queen bees
  A meliai (D:13)
  A spectral tarantella (Spider:4)
  20 hornets
  6 bog bodies
  9 raiju
  25 blink frogs
  3 spectral jumping spiders (Spider:4)
  27 slime creatures
  5 large abominations (Abyss:2)
  Grinder (D:3)
  11 tyrant leeches
  7 dream sheep (Lair:6)
  5 jumping spider zombies (Spider:4)
  3 tarantella zombies (Spider:4)
  7 hippogriffs
  85 redbacks
  4 shadows
  A vampire (D:15)
  3 spriggans
  An air elemental (Elf:1)
  4 ynoxinuls (Abyss:2)
  4 water elementals
  2 wraiths
  7 basilisks
  6 wyverns
  39 tarantellas
  3 fire elementals
  40 yaks
  4 fire bats
  7 hogs
  2 humans
  A golden eye (shapeshifter) (D:13)
  4 hungry ghosts
  23 vampire mosquitoes
  9 insubstantial wisps
  A spatial vortex (Abyss:2)
  4 wargs
  12 water moccasins
  10 swamp worms
  A spectral hornet (Spider:4)
  12 porcupines
  13 swamp drakes
  3 ice beasts
  15 orc warriors
  6 sky beasts
  4 phantoms
  A black bear (D:10)
  3 eyes of draining
  11 wolves
  10 centaurs
  2 necrophages
  19 ogres
  8 crocodiles
  2 big kobolds
  19 bullfrogs
  3 earth elementals (Elf:1)
  A gnoll sergeant (D:6)
  A wyvern zombie (D:14)
  A wyvern skeleton (D:12)
  2 water moccasin zombies
  5 scorpions
  31 killer bees
  9 wights
  13 howler monkeys
  6 electric eels
  13 crimson imps
  2 jellies
  23 starcursed masses (Abyss:2)
  33 orc wizards
  3 bullfrog skeletons
  5 hounds
  10 orc priests
  Crazy Yiuf (D:2)
  A small abomination (Abyss:2)
  Jessica (D:3)
  Natasha (thrice) (D:2)
  2 iguanas
  9 worker ants
  2 hound zombies
  A worker ant zombie (D:11)
  21 adders
  4 gnolls (D:6)
  4 shadow imps
  7 white imps (IceCv)
  5 ufetubi (IceCv)
  2 oozes
  5 worms
  2 dart slugs
  9 leopard geckos
  64 orcs
  8 bats
  7 giant cockroaches
  7 goblins
  12 hobgoblins
  8 jackals
  13 kobolds
  6 quokkas
  2 ball pythons
  5 frilled lizards
  A quokka skeleton (D:6)
  A quokka zombie (D:7)
  6 rats
  6 rat zombies (D:8)
  2 crawling corpses (Elf:3)
  3 fungi
  A lurking horror (Abyss:2)
  11 plants
  A starspawn tentacle (Abyss:2)
1384 creatures vanquished.

Vanquished Creatures (others)
  A reaper (IceCv)
  A demonic crawler (Spider:1)
  6 redbacks
  An orc wizard (Orc:2)
  6 white imps (IceCv)
  4 ufetubi (IceCv)
  A quokka (D:5)
  20 fungi
  21 plants
  3 starspawn tentacles (Abyss:2)
64 creatures vanquished.

Grand Total: 1448 creatures vanquished

Notes
Turn   | Place    | Note
-------+----------+-------------------------------------------
     0 | D:1      | graki42 the Naga Fighter began the quest for the Orb.
     0 | D:1      | Reached XP level 1. HP: 21/21 MP: 1/1
   183 | D:1      | Reached XP level 2. HP: 28/28 MP: 2/2
   776 | D:2      | Reached XP level 3. HP: 29/34 MP: 3/3
   848 | D:2      | Reached skill level 1 in Stealth
  1143 | D:2      | Reached XP level 4. HP: 40/42 MP: 4/4
  1398 | D:2      | Noticed Natasha
  1403 | D:2      | Killed Natasha
  1403 | D:2      | Reached skill level 3 in Axes
  1468 | D:2      | Found a hide-covered altar of Uskayaw.
  1468 | D:2      | Found a snail-covered altar of Cheibriados.
  1471 | D:2      | Reached skill level 1 in Dodging
  1478 | D:2      | Found a faded altar of an unknown god.
  1494 | D:2      | Found a sacrificial altar of Ru.
  1495 | D:2      | Found an ornate altar of the Wu Jian Council.
  1558 | D:2      | Reached XP level 5. HP: 45/50 MP: 5/5
  1621 | D:2      | Found a runed translucent door.
  1622 | D:2      | Noticed Crazy Yiuf
  1633 | D:2      | Killed Crazy Yiuf
  1954 | D:2      | Noticed Natasha
  1969 | D:2      | Killed Natasha
  2246 | D:2      | Noticed Natasha
  2256 | D:2      | Killed Natasha
  2282 | D:2      | Became a worshipper of Cheibriados the Contemplative
  2382 | D:3      | Found a burning altar of Makhleb.
  2484 | D:3      | Reached XP level 6. HP: 57/57 MP: 6/6
  2586 | D:3      | Noticed Jessica
  2587 | D:3      | Noticed Grinder
  2595 | D:3      | Paralysed by Grinder for 7 turns
  2616 | D:3      | Killed Grinder
  2616 | D:3      | Reached skill level 4 in Axes
  2741 | D:3      | Killed Jessica
  2741 | D:3      | Reached XP level 7. HP: 8/64 MP: 7/7
  3026 | D:3      | Found a shimmering blue altar of Sif Muna.
  3261 | D:3      | Reached * piety under Cheibriados
  3580 | D:4      | Found Kotasoqi's Armour Emporium.
  3714 | D:4      | Reached skill level 5 in Axes
  3887 | D:4      | Found Iqacoral's General Store.
  4028 | D:4      | Found a hazy altar of Hepliaklqana.
  4043 | D:4      | Found Jeapeeg's Gadget Boutique.
  4116 | D:5      | Entered Level 5 of the Dungeon
  4164 | D:5      | Found Mircheumn's Jewellery Boutique.
  4187 | D:5      | Reached ** piety under Cheibriados
  4187 | D:5      | Reached skill level 1 in Invocations
  4442 | D:5      | Reached XP level 8. HP: 68/73 MP: 9/9
  4549 | D:5      | Reached skill level 6 in Axes
  4878 | D:5      | Gained mutation: Your tail ends in a poisonous barb.
                  | [potion of mutation]
  4878 | D:5      | Gained mutation: Your tail ends in a sharp poisonous barb.
                  | [potion of mutation]
  4878 | D:5      | Gained mutation: Your spells are a little harder to cast,
                  | but a little more powerful. [potion of mutation]
  4891 | D:5      | Found a white marble altar of Elyvilon.
  5355 | D:6      | Reached *** piety under Cheibriados
  5403 | D:6      | Found an opulent altar of Gozag.
  5515 | D:6      | Found a stormy altar of Qazlal.
  5555 | D:6      | Reached skill level 7 in Axes
  5564 | D:6      | Reached XP level 9. HP: 79/80 MP: 11/11
  5620 | D:6      | Found Oceiwnurua's Armour Boutique.
  5685 | D:6      | Found a sparkling altar of Nemelex Xobeh.
  6024 | D:7      | Reached skill level 5 in Fighting
  6156 | D:7      | Found a staircase to the Ecumenical Temple.
  6205 | D:7      | Reached **** piety under Cheibriados
  6318 | D:7      | Reached skill level 1 in Staves
  6360 | D:7      | Reached skill level 5 in Shields
  6497 | D:7      | Reached skill level 8 in Axes
  6990 | D:8      | Reached skill level 5 in Invocations
  7002 | D:8      | Found an iron altar of Okawaru.
  7051 | D:8      | Reached skill level 5 in Armour
  7201 | D:8      | Reached XP level 10. HP: 90/90 MP: 14/14
  7299 | D:8      | Reached skill level 9 in Axes
  7659 | D:8      | Found an ancient bone altar of Kikubaaqudgha.
  7710 | D:9      | Reached ***** piety under Cheibriados
  7906 | D:9      | Identified a scroll of acquirement
  7909 | D:9      | Acquired the +3 pair of gauntlets of War {Slay+5}
  7910 | D:9      | Found the +3 pair of gauntlets of War {Slay+5}
  8051 | D:9      | Found a blossoming altar of Fedhas.
  8059 | D:9      | Found a shadowy altar of Dithmenos.
  8143 | D:10     | Entered Level 10 of the Dungeon
  8228 | D:10     | Reached XP level 11. HP: 66/97 MP: 16/16
  8326 | D:10     | Reached skill level 10 in Axes
  8339 | D:10     | Found a staircase to the Lair.
  9113 | D:11     | Acquired a +2 crystal plate armour
  9193 | D:11     | Found a staircase to the Orcish Mines.
  9593 | D:11     | Reached ****** piety under Cheibriados
  9609 | D:11     | Reached skill level 11 in Axes
  9850 | D:11     | Noticed a fire dragon
  9861 | D:11     | Killed a fire dragon
  9861 | D:11     | Reached XP level 12. HP: 68/106 MP: 13/18
 10518 | Lair:1   | Entered Level 1 of the Lair of Beasts
 11817 | Lair:2   | Got a slimy copper ring
 11829 | Lair:2   | Reached skill level 12 in Axes
 11953 | Lair:2   | Found a staircase to the Swamp.
 12096 | Lair:2   | Found a hole to the Spider Nest.
 12277 | Lair:3   | Reached skill level 10 in Invocations
 12467 | Lair:3   | Gained mutation: You can use your snake-like lower body to
                  | constrict enemies. [Naga growth]
 12467 | Lair:3   | Reached XP level 13. HP: 115/115 MP: 20/20
 13253 | Lair:4   | Identified the ring of the Demon Prince {+Fly rPois rC-
                  | rN++ Dex+2} (You found it on level 2 of the Lair of Beasts)
 15501 | Lair:5   | Found a sacrificial altar of Ru.
 15736 | Lair:6   | Entered Level 6 of the Lair of Beasts
 15752 | Lair:6   | Reached skill level 13 in Axes
 15809 | Lair:6   | Reached skill level 1 in Evocations
 15934 | Lair:6   | Reached skill level 10 in Shields
 15934 | Lair:6   | Reached XP level 14. HP: 126/126 MP: 16/22
 16393 | Lair:6   | Found a viscous altar of Jiyva.
 16394 | Lair:6   | Found a staircase to the Slime Pits.
 16822 | Lair:6   | Noticed a dire elephant
 16836 | Lair:6   | Killed a dire elephant
 16892 | Lair:6   | Noticed a dire elephant
 16892 | Lair:6   | Noticed a dire elephant
 16907 | Lair:6   | Killed a dire elephant
 16914 | Lair:6   | Killed a dire elephant
 17360 | Orc:1    | Entered Level 1 of the Orcish Mines
 17436 | Orc:1    | Found a frozen archway.
 17458 | IceCv    | Entered an ice cave
 17614 | IceCv    | Killed a reaper
 18114 | Orc:1    | Noticed an orc warlord
 18114 | Orc:1    | Noticed Nergalle
 18125 | Orc:1    | Killed Nergalle
 18127 | Orc:1    | Killed an orc warlord
 18333 | Orc:2    | Entered Level 2 of the Orcish Mines
 18339 | Orc:2    | Found a roughly hewn altar of Beogh.
 18519 | Orc:1    | Reached skill level 14 in Axes
 18668 | Orc:2    | Found Udafeir's Magic Scroll Emporium.
 18831 | Orc:2    | Found a staircase to the Elven Halls.
 18834 | Orc:2    | Paralysed by an orc sorcerer for 7 turns
 19319 | Orc:2    | Found an ancient bone altar of Kikubaaqudgha.
 19326 | Orc:2    | Found Sacabb's Antique Weapon Shop.
 19359 | Orc:2    | Reached XP level 15. HP: 119/135 MP: 24/24
 19372 | Orc:2    | Found a radiant altar of Vehumet.
 19436 | Orc:2    | Found Zyupaf Deol's Magic Scroll Shop.
 19467 | Orc:2    | Found a roughly hewn altar of Beogh.
 19467 | Orc:2    | Found Qeno's Book Shop.
 19500 | Orc:2    | Found Kyrril's Gadget Boutique.
 19613 | Orc:2    | Bought a scroll of enchant armour for 97 gold pieces
 19644 | Orc:2    | Bought a smoking spear for 248 gold pieces
 19715 | Orc:2    | Bought a scroll of enchant armour for 112 gold pieces
 19715 | Orc:2    | Identified the +5 spear "Fylok" {vorpal, Str+3} (You bought
                  | it in a shop on level 2 of the Orcish Mines)
 19857 | Spider:1 | Entered Level 1 of the Spider Nest
 19876 | Spider:1 | Noticed Aizul
 19887 | Spider:1 | Killed Aizul
 20067 | Spider:1 | Noticed Frances
 20072 | Spider:1 | Killed Frances
 20689 | Spider:2 | Noticed a ghost moth
 20695 | Spider:2 | Killed a ghost moth
 20873 | Spider:2 | Noticed a ghost moth
 20877 | Spider:2 | Killed a ghost moth
 21122 | Spider:2 | Reached skill level 15 in Axes
 21687 | Spider:3 | Noticed Kirke
 21690 | Spider:3 | Reached XP level 16. HP: 136/145 MP: 26/26
 21694 | Spider:3 | Killed Kirke
 21901 | Spider:3 | Identified the cursed +0 pair of gloves of Dull Surprise
                  | {*Corrode *Drain rF+ Str+6}
 21901 | Spider:3 | Noticed Nikola
 21909 | Spider:3 | Killed Nikola
 22412 | Spider:3 | Reached skill level 10 in Fighting
 22506 | Spider:3 | Noticed Agnes
 22511 | Spider:3 | Killed Agnes
 22517 | Spider:3 | Noticed Bai Suzhen
 22529 | Spider:3 | Killed Bai Suzhen
 22868 | Spider:3 | Found a runed translucent gate.
 22869 | Spider:3 | Found a runed translucent gate.
 22870 | Spider:3 | Found a runed translucent gate.
 22872 | Spider:3 | Noticed Cumomo's ghost (adept SpEn)
 22890 | Spider:3 | Killed Cumomo's ghost
 23177 | Spider:4 | Entered Level 4 of the Spider Nest
 23220 | Spider:4 | Reached skill level 10 in Armour
 23287 | Spider:4 | Got a distressingly furry plate armour
 23288 | Spider:4 | Identified the +9 plate armour "Vylimer" {+Fly rF++ rN+}
                  | (You found it on level 4 of the Spider Nest)
 24010 | Spider:4 | Reached skill level 16 in Axes
 24087 | Spider:4 | Reached XP level 17. HP: 154/154 MP: 27/27
 24969 | Spider:4 | Got a gossamer rune of Zot
 25231 | Swamp:1  | Entered Level 1 of the Swamp
 25299 | Swamp:1  | Noticed Louise
 25420 | Swamp:1  | Killed Louise
 26105 | Swamp:2  | Got a scorched ring mail
 26139 | Swamp:2  | Reached skill level 15 in Invocations
 26940 | Swamp:3  | Reached XP level 18. HP: 138/165 MP: 16/29
 27520 | Swamp:3  | Reached skill level 17 in Axes
 27717 | Swamp:4  | Entered Level 4 of the Swamp
 28743 | Swamp:4  | Got a decaying rune of Zot
 28876 | Swamp:4  | Noticed the 27-headed Lernaean hydra
 29081 | D:12     | Acquired a manual of Armour
 29094 | D:12     | Identified the +5 ring mail of Whack-A-Mole {rPois Dex+2
                  | SInv} (You found it on level 2 of the Swamp)
 29332 | D:12     | Found the +8 arc blade {discharge, rElec}
 29356 | D:12     | Noticed Erolcha
 29361 | D:12     | Killed Erolcha
 29920 | D:13     | Found a gate leading to a gauntlet.
 29929 | Gauntlet | Entered a Gauntlet
 29929 | Gauntlet | Found a transporter.
 29932 | Gauntlet | Found a transporter.
 29962 | Gauntlet | Found a transporter.
 29962 | Gauntlet | Found a transporter.
 29967 | Gauntlet | Found a transporter.
 29967 | Gauntlet | Found a transporter.
 29972 | Gauntlet | Found a transporter.
 29981 | Gauntlet | Found a transporter.
 29981 | Gauntlet | Found a transporter.
 29981 | Gauntlet | Found a transporter.
 30036 | Gauntlet | Found a transporter.
 30038 | Gauntlet | Found a transporter.
 30038 | Gauntlet | Found a transporter.
 30058 | Gauntlet | Got a steaming cloak
 30069 | Gauntlet | Identified the cursed +0 cloak of Sorcery {Int+4 Slay+2}
                  | (You found it in a Gauntlet)
 30073 | Gauntlet | Found a transporter.
 30113 | Gauntlet | Identified the +5 ring mail "Ynan" {rPois Int+2}
 30134 | Gauntlet | Got a faintly humming ring mail
 30153 | Gauntlet | Identified the cursed +0 ring mail of Valiance {rElec
                  | Str+3} (You found it in a Gauntlet)
 30172 | Gauntlet | Got an ichor-stained morningstar
 30173 | Gauntlet | Identified the cursed +1 morningstar of Kiosm {flame,
                  | +Blink rF+} (You found it in a Gauntlet)
 31165 | D:14     | Found a gate to the Vaults.
 31181 | D:14     | Reached XP level 19. HP: 171/175 MP: 30/30
 31267 | D:14     | Found a radiant altar of Vehumet.
 31356 | D:14     | Found a shattered altar of Ashenzari.
 31784 | D:15     | Entered Level 15 of the Dungeon
 32500 | D:15     | Found a staircase to the Depths.
 33130 | Elf:1    | Entered Level 1 of the Elven Halls
 33414 | Elf:1    | Identified Ofipebisch's Guide on Creation
 33655 | Elf:1    | Noticed a Tzitzimitl
 33661 | Elf:1    | Reached skill level 18 in Axes
 34643 | Elf:2    | Found a runed translucent gate.
 34645 | Elf:2    | Found a runed translucent gate.
 34646 | Elf:2    | Found a runed translucent gate.
 34878 | Elf:2    | Cast into level 2 of the Abyss (+1 eveningstar of
                  | distortion)
 34906 | Abyss:2  | Paralysed by accursed screaming for 1 turns
 35029 | Abyss:2  | Reached skill level 15 in Shields
 35136 | Abyss:2  | Paralysed by accursed screaming for 1 turns
 35170 | Abyss:2  | Reached XP level 20. HP: 86/184 MP: 32/32
 35466 | Elf:2    | Escaped the Abyss
 36034 | Elf:3    | Entered Level 3 of the Elven Halls
 36197 | Elf:3    | Noticed a Brimstone Fiend
 36219 | Elf:3    | Noticed a Brimstone Fiend
 36221 | Elf:3    | Slain by a large abomination

Illustrated notes

Levels and vault maps discovered:
D:1:      dpeg_arrival_long_road, layout_rooms, minmay_misc_feat_more_columns
D:2:      minmay_chambers_of_ones, layout_basic,
          chequers_temple_overflow_minitemple, uniq_crazy_yiuf_cottage,
          uniq_natasha
D:3:      layout_basic, lightli_temple_of_fire, tgw_sif, uniq_grinder
D:4:      layout_loops_ring, lemuel_crystal_altar, serial_shops,
          nicolae_shop_temple_entry_statues_fountains,
          nicolae_shop_temple_entry_statues_fountains, nicolae_shop_stone
D:5:      layout_gridville, elyvilon_altar_4, serial_shops, shop, first_ration
D:6:      layout_gridville, grunt_qazlal_clouds, old_standard_altar,
          serial_shops, nicolae_shop_crystal, nemelex_xobeh_ov_fountains_minmay
D:7:      layout_basic, minmay_temple_entry_waves
D:8:      layout_cave_pools, okawaru_ov_weapons_minmay,
          lemuel_zombie_altar_kikubaaqudgha, grunt_livestock,
          kennysheep_generic_room_16
D:9:      layout_big_octagon, grunt_temple_overflow_open
D:10:     layout_rooms, due_lair_maze_entry_diamond, minmay_tree_intersection,
          hangedman_decor_diamond_cutter
D:11:     dragon1_lemuel, layout_cave_pods, david_orc_3, chequers_big_river,
          hangedman_abyss_or_decor_stabs
D:12:     minmay_shoctagon, layout_cave_pools, uniq_erolcha
D:13:     minmay_blocking_statues, layout_loops_ring, gauntlet_entry_generic
D:14:     layout_roguey, lightli_vaults_fourway_checkpoint, basic_altar,
          nicolae_ashenzari_panopticon, minmay_holes
D:15:     hangedman_depths_entry_civil_slaughter, layout_layer_cave,
          small_statue_intersection
Lair:1:   layout_loops_ring, chequers_serial_rivers_large_b,
          minmay_shattered_shrine
Lair:2:   layout_roguey, swamp_mist_pool, nicolae_spider_entry_orb_guardian
Lair:3:   layout_hall_layers, special_room [special_room_bee]
Lair:4:   layout_roguey, grunt_megastairs_1, infiniplex_staircase_pool_2,
          lemuel_fruit_tree, minmay_lair_oklob_chamber
Lair:5:   layout_gridlike, basic_altar
Lair:6:   due_jungle_book, layout_regular_city, slime_altar_1,
          grunt_megastairs_5
Swamp:1:  layout_basic_swamp, evilmike_swamp_ruin_house_4, uniq_louise
Swamp:2:  layout_falls_marsh, evilmike_swamp_ruin_house_5
Swamp:3:  layout_basic_swamp, nicolae_swamp_fairy_circle, swamp_pool3,
          infiniplex_staircase_pool
Swamp:4:  swamp_old_school, layout_basic_swamp
Spider:1: layout_spider_delve, uniq_frances, uniq_aizul
Spider:2: layout_spider_delve
Spider:3: layout_spider_delve, gammafunk_ghost_split, uniq_agnes, uniq_kirke,
          uniq_nikola, uniq_bai_suzhen
Spider:4: floodkiller_spider_rune_tomb
Orc:1:    layout_caves, portal_ice_cave_rime, uniq_nergalle
Orc:2:    kennysheep_orc_mage_school, layout_caves, basic_altar, serial_shops,
          nicolae_shop_statue_plus
Elf:1:    minmay_elf_arrival_summoners, layout_onion_city,
          minmay_elf_demonology, corexii_hall_statues_i
Elf:2:    layout_onion_city
Elf:3:    minmay_elf_hall_not_hex, layout_geoelf_octagon, roderic_roman_lattice,
          minmay_strange_pillars, minivault_11, minivault_16

Skill      XL: |  1  2  3  4  5  6  7  8  9 10 11 12 13 14 15 16 17 18 19 |
---------------+----------------------------------------------------------+-----
Stealth        | 1 2 |  2.3
Axes           | 3 4 5 7 8 9 11 12 13 14 15 16 17 18 | 18.4
Dodging        | 1 |  1.6
Armour         | 3 4 5 6 7 8 9 10 11 13 | 13.6
Fighting       | 4 5 6 7 8 9 10 11 12 | 12.7
Shields        | 3 4 5 6 7 8 10 11 12 13 14 15 | 15.3
Invocations    | 2 3 5 7 8 10 11 12 13 14 15 16 | 16.8
Staves         | 1 |  1.6
Evocations     | 1 2 |  2.0

Action                   |  1- 3 |  4- 6 |  7- 9 | 10-12 | 13-15 | 16-18 | 19-21 || total
-------------------------+-------+-------+-------+-------+-------+-------+-------++-------
Melee: War axe           |    83 |   148 |   315 |       |       |       |    47 ||   593
       Tailslap          |       |       |    59 |   120 |   208 |   322 |   147 ||   856
       Hand axe          |       |       |    29 |   469 |   356 |       |       ||   854
       Staff             |       |       |    25 |       |       |       |       ||    25
       Constrict         |       |       |       |       |   176 |   195 |   107 ||   478
       Broad axe         |       |       |       |       |   268 |   910 |   417 ||  1595
Invok: Bend Time         |       |       |     1 |       |     2 |     1 |       ||     4
       Slouch            |       |       |       |     5 |    14 |    18 |     2 ||    39
 Abil: Spit Poison       |       |     1 |       |       |       |       |       ||     1
       Evoke Flight      |       |       |       |       |     1 |     1 |       ||     2
Evoke: Tin of tremorston |       |       |       |     2 |     3 |       |       ||     5
       Wand              |       |       |       |       |     7 |       |       ||     7
       Phantom mirror    |       |       |       |       |     1 |       |       ||     1
       Lightning rod     |       |       |       |       |     1 |       |       ||     1
       Phial of floods   |       |       |       |       |       |       |     1 ||     1
  Use: Scroll            |       |       |     7 |    17 |    12 |    15 |     4 ||    55
       Potion            |       |       |     3 |       |     1 |     1 |     8 ||    13
  Eat: Chunk             |       |     5 |     9 |    12 |    22 |    15 |     6 ||    69
       Ration            |       |       |     1 |       |     1 |     2 |     2 ||     6
Armor: Scale mail        |    57 |    18 |       |       |       |       |       ||    75
       Plate armour      |       |   102 |   201 |    63 |    41 |   442 |       ||   849
       Crystal plate arm |       |       |       |   109 |   313 |   227 |   195 ||   844
Dodge: Dodged            |    29 |     8 |    28 |    23 |    48 |   129 |    33 ||   298
Block: Kite shield       |    51 |    59 |   242 |   133 |       |       |       ||   485
       Reflection        |       |       |       |    28 |    47 |    53 |    62 ||   190
       Tower shield      |       |       |       |   327 |   857 |  1624 |   540 ||  3348
